 Dungeon Sprint DCSS version 0.30-a0-310-g7d6cbdfea6 (webtiles) character file.

Game seed: 16928316102944822275

14153 rocky1 the Imperceptible (level 12, -3/81 HPs)
             Began as a Kobold Brigand on Oct 24, 2022.
             Was the Champion of Cheibriados.
             Slain by an alligator snapping turtle (27 damage)
             ... in the Dungeon (Sprint VII: "The Pits") on Oct 25, 2022.
             The game lasted 00:10:07 (1627 turns).

rocky1 the Imperceptible (Kobold Brigand)           Turns: 1627, Time: 00:10:08

Health: -3/81      AC: 15    Str: 26    XL:     12   Next: 41%
Magic:  6/19       EV: 32    Int: 27    God:    Cheibriados [******]
Gold:   0          SH:  0    Dex: 37    Spells: 11/11 levels left

rFire   . . .      SeeInvis .    y - +2 rapier (elec)
rCold   . . .      Faith    .    (no shield)
rNeg    . . .      Spirit   .    w - +5 ring mail
rPois   .          Reflect  .    (no helmet)
rElec   .          Harm     .    c - +0 cloak
rCorr   .          Rampage  .    (no gloves)
Will    .....      NoTele   +    (no boots) Stlth *+++++++++
                                 (no amulet)
HPRegen 0.33/turn                s - +3 ring of protection
MPRegen 0.16/turn                k - +3 ring of strength

@: very slow
A: small, no large weapons, nightstalker 3
a: Renounce Religion, Bend Time, Temporal Distortion, Slouch, Step From Time


You were in the Dungeon.
You worshipped Cheibriados.
Cheibriados was exalted by your worship.
You visited 1 branch

Inventory:

Hand Weapons
 a - a +2 dagger
 o - a +2 dagger of venom
 p - a +2 falchion
 q - a +1 long sword of holy wrath
 r - a +2 short sword of flaming
 x - a +2 scimitar of holy wrath
 y - a +2 rapier of electrocution (weapon)
Missiles
 d - 20 poisoned darts (quivered)
 e - 3 curare-tipped darts
Armour
 b - a +0 robe
 c - a +0 cloak (worn)
 w - a +5 ring mail (worn)
Jewellery
 k - a +3 ring of strength (right hand)
 s - a +3 ring of protection (left hand)
Scrolls
 m - 5 scrolls of amnesia
 n - a scroll of summoning
Potions
 f - 5 potions of curing
 g - a potion of heal wounds
 h - 3 potions of haste
 i - 3 potions of magic
 j - 4 potions of berserk rage
 t - a potion of might
 u - a potion of brilliance
 v - a potion of mutation
Miscellaneous
 l - a tin of tremorstones (2/2)


   Skills:
 + Level 12.3 Fighting
 + Level 15.2(15.6) Short Blades
 - Level 3.5(7.3) Long Blades
 - Level 6.0 Throwing
 + Level 7.2 Armour
 + Level 12.8 Dodging
 + Level 25.4 Stealth
 - Level 10.5 Invocations
 + Level 3.2 Evocations


You had 11 spell levels left.
You didn't know any spells.
Your spell library contained the following spells:

 Spells                   Type           Power      Damage    Failure   Level
 Lightning Bolt           Conj/Air       0%         1d11      99%         5
 Starburst                Conj/Fire      0%         6d3       100%        6
 Orb of Destruction       Conj           0%         9d5       100%        7


Dungeon Overview and Level Annotations

Branches:
Dungeon (1/1)

Altars:
Ashenzari
Cheibriados
Dithmenos
Elyvilon
Fedhas
Gozag
Hepliaklqana
Kikubaaqudgha
Makhleb
Nemelex Xobeh
Okawaru
Qazlal
Ru
Sif Muna
Trog
Uskayaw
Vehumet
Wu Jian
Xom
Yredelemnul
Zin
The Shining One
Jiyva
Lugonu


Innate Abilities, Weirdness & Mutations

You are small and have problems with some larger weapons.
You are completely attuned to the shadows.


Message History

You hear an angry buzzing noise. x2; You hear a shout!
You hear a screech!
You hear a shout! x2; You hear an angry buzzing noise.
You hear a shout!
The alligator snapping turtle attacks as you move away!
The alligator snapping turtle misses you.
The alligator snapping turtle bites you from afar.
* * * LOW HITPOINT WARNING * * *
The alligator snapping turtle completely misses you.
Okay, then.
You feel much better.
The alligator snapping turtle closely misses you.
The alligator snapping turtle bites you from afar!!
* * * LOW HITPOINT WARNING * * *
You hear an angry buzzing noise.
You hear an angry buzzing noise.
A killer bee comes into view.
The alligator snapping turtle closely misses you.
You hear an angry buzzing noise.
You hear a chilling moan.
The killer bee buzzes angrily.
Activating: Slouch (1% risk of failure)
Press: ? - help, Dir - look around, f - activate You can feel time thicken for a moment.
You kill the killer bee!
Cheibriados thoroughly appreciates the change of pace.
You hear a shout!
You hear an angry buzzing noise. x2
Unknown command.
A killer bee comes into view.
The alligator snapping turtle barely misses you.
The alligator snapping turtle misses you.
You barely miss the alligator snapping turtle.
You punch the alligator snapping turtle, but do no damage.
The alligator snapping turtle is heavily wounded.
The killer bee stings you but does no damage.
Activating: Slouch (1% risk of failure)
Press: ? - help, Dir - look around, f - activate You can feel time thicken for a moment.
You kill the killer bee!
Cheibriados thoroughly appreciates the change of pace.
An orange demon comes into view.
The alligator snapping turtle bites you!!
You die...

......''........ ####..##..#....#
4# #..##........ #s#
##..##........ #(#
#J#..####''####
#†#4##..####''####
#†#.#..##......##
#######4##..##.#'##.## ##
.....@t.....##.#|)+.## .#
............## +).#.## .#
#++########## #[.'.## .#########
########## +).#.## '##.......
.....##..# ##+#.##
.##......#..#......##..# #
.##................''..# #
).'................''..##########
###......#..#......##.......)....


You could see an alligator snapping turtle and an orange demon.

Vanquished Creatures
  A bone dragon (D)
  A yellow draconian (D)
  2 hydras (D)
  A death yak (D)
  2 orc high priests (D)
  A spriggan (D)
  A sun demon (D)
  A sea snake (D)
  A bog body (D)
  4 elephants (D)
  A black mamba (D)
  A smoke demon (D)
  A merfolk siren (D)
  A demonic crawler (D)
  An efreet (D)
  An ice devil (D)
  2 trolls (D)
  A hornet (D)
  A jumping spider (D)
  An air elemental (D)
  5 yaks (D)
  A basilisk (D)
  3 redbacks (D)
  A chaos spawn (D)
  A warg (D)
  2 floating eyes (D)
  6 orc warriors (D)
  A sky beast (D)
  A centaur (D)
  2 kobold brigands (D)
  2 killer bees (D)
  A jelly (D)
  A quasit (D)
  A gnoll bouda (D)
  2 orc priests (D)
  An adder (D)
  4 gnolls (D)
  A river rat (D)
  An ufetubus (D)
  An adder skeleton (D)
  A worm (D)
  7 orcs (D)
  An endoplasm (D)
  A giant cockroach (D)
  2 goblins (D)
  A hobgoblin (D)
  A kobold (D)
  A quokka (D)
  A bat (D)
  A frilled lizard (D)
81 creatures vanquished.

Notes
Turn   | Place    | Note
-------+----------+-------------------------------------------
     0 | D        | rocky1 the Kobold Brigand began the quest for the Orb.
     0 | D        | Reached XP level 1. HP: 12/12 MP: 1/1
    17 | D        | Reached skill level 6 in Stealth
    20 | D        | Found a bloodstained altar of Trog.
    20 | D        | Found a shimmering blue altar of Sif Muna.
    20 | D        | Found a viscous altar of Jiyva.
    20 | D        | Found a hazy altar of Hepliaklqana.
    20 | D        | Found an opulent altar of Gozag.
    21 | D        | Found a glowing golden altar of the Shining One.
    21 | D        | Found a glowing silver altar of Zin.
    21 | D        | Found a sacrificial altar of Ru.
    21 | D        | Found a stormy altar of Qazlal.
    21 | D        | Found a blossoming altar of Fedhas.
    24 | D        | Found an iron altar of Okawaru.
    24 | D        | Found a basalt altar of Yredelemnul.
    24 | D        | Found a white marble altar of Elyvilon.
    25 | D        | Found a sparkling altar of Nemelex Xobeh.
    25 | D        | Found a shimmering altar of Xom.
    25 | D        | Found a shadowy altar of Dithmenos.
    26 | D        | Found a burning altar of Makhleb.
    26 | D        | Found an ornate altar of the Wu Jian Council.
    26 | D        | Found a snail-covered altar of Cheibriados.
    27 | D        | Found a corrupted altar of Lugonu.
    27 | D        | Found a radiant altar of Vehumet.
    28 | D        | Found an ancient bone altar of Kikubaaqudgha.
    28 | D        | Found a hide-covered altar of Uskayaw.
    28 | D        | Found a broken altar of Ashenzari.
    34 | D        | Became a worshipper of Cheibriados the Contemplative
    80 | D        | Reached * piety under Cheibriados
   185 | D        | Reached skill level 8 in Stealth
   185 | D        | Reached XP level 2. HP: 18/18 MP: 2/2
   290 | D        | Noticed a floating eye
   292 | D        | Reached ** piety under Cheibriados
   293 | D        | Reached skill level 9 in Stealth
   293 | D        | Reached XP level 3. HP: 22/22 MP: 3/3
   295 | D        | Killed a floating eye
   296 | D        | Reached skill level 12 in Stealth
   296 | D        | Reached XP level 4. HP: 28/28 MP: 4/4
   296 | D        | Reached XP level 5. HP: 32/32 MP: 5/5
   306 | D        | Reached *** piety under Cheibriados
   351 | D        | Noticed a sky beast
   355 | D        | Killed a sky beast
   356 | D        | Reached skill level 5 in Short Blades
   356 | D        | Reached skill level 14 in Stealth
   356 | D        | Reached XP level 6. HP: 38/38 MP: 6/6
   358 | D        | Noticed an orc warrior
   363 | D        | Reached **** piety under Cheibriados
   372 | D        | Reached skill level 15 in Stealth
   404 | D        | Killed an orc warrior
   404 | D        | Reached ***** piety under Cheibriados
   405 | D        | Reached skill level 16 in Stealth
   405 | D        | Reached XP level 7. HP: 25/44 MP: 7/7
   485 | D        | Noticed a warg
   489 | D        | Killed a warg
   490 | D        | Reached skill level 17 in Stealth
   499 | D        | Reached skill level 5 in Throwing
   500 | D        | Noticed a demonic crawler
   502 | D        | Killed a demonic crawler
   503 | D        | Reached skill level 5 in Fighting
   503 | D        | Reached skill level 5 in Dodging
   503 | D        | Reached skill level 19 in Stealth
   503 | D        | Reached XP level 8. HP: 50/50 MP: 8/8
   508 | D        | Reached ****** piety under Cheibriados
   522 | D        | Noticed a troll
   522 | D        | Noticed a jumping spider
   523 | D        | Noticed an orc high priest
   524 | D        | Noticed a ynoxinul
   524 | D        | Noticed a hellwing
   532 | D        | HP: 1/50 [hellwing[an orc high priest] (8)]
   550 | D        | Reached skill level 20 in Stealth
   550 | D        | Reached skill level 1 in Invocations
   550 | D        | Killed a troll
   551 | D        | Reached skill level 1 in Long Blades
   570 | D        | Killed an orc high priest
   571 | D        | Reached skill level 21 in Stealth
   571 | D        | Reached XP level 9. HP: 23/56 MP: 9/12
   593 | D        | Reached skill level 5 in Invocations
   705 | D        | Noticed an efreet
   707 | D        | Killed an efreet
   708 | D        | Reached skill level 10 in Short Blades
   708 | D        | Reached skill level 22 in Stealth
   741 | D        | Noticed a death yak
   744 | D        | Killed a death yak
   745 | D        | Reached XP level 10. HP: 36/63 MP: 9/15
   764 | D        | Noticed an orc high priest
   770 | D        | Noticed an ice devil
   783 | D        | Reached skill level 1 in Armour
   784 | D        | Killed an orc high priest
   785 | D        | Reached skill level 23 in Stealth
   887 | D        | Paralysed by a floating eye for 2 turns
  1101 | D        | Noticed an ice devil
  1102 | D        | Noticed a merfolk siren
  1105 | D        | Killed an ice devil
  1107 | D        | Killed a merfolk siren
  1113 | D        | Noticed an elephant
  1118 | D        | Killed an elephant
  1128 | D        | Noticed a bog body
  1132 | D        | Killed a bog body
  1133 | D        | Reached XP level 11. HP: 71/71 MP: 17/17
  1169 | D        | Reached skill level 24 in Stealth
  1178 | D        | Reached skill level 10 in Dodging
  1256 | D        | Noticed a four-headed hydra
  1257 | D        | Noticed a four-headed hydra
  1264 | D        | Reached skill level 10 in Fighting
  1264 | D        | Upgraded the game from 0.30-a0-305-g026cb31310 to
                  | 0.30-a0-310-g7d6cbdfea6
  1270 | D        | Killed a four-headed hydra
  1270 | D        | Killed a four-headed hydra
  1271 | D        | Reached skill level 5 in Armour
  1517 | D        | Noticed an elephant
  1517 | D        | Noticed an elephant
  1517 | D        | Noticed a spriggan rider
  1517 | D        | Noticed a yellow draconian
  1517 | D        | Noticed a bone dragon
  1518 | D        | Noticed an elephant
  1519 | D        | Killed an elephant
  1520 | D        | Killed a spriggan rider
  1522 | D        | Killed a yellow draconian
  1525 | D        | Killed an elephant
  1526 | D        | Killed a bone dragon
  1527 | D        | Reached skill level 25 in Stealth
  1527 | D        | Reached skill level 10 in Invocations
  1527 | D        | Reached XP level 12. HP: 81/81 MP: 19/19
  1544 | D        | Got the Anthology of Conflict
  1593 | D        | Noticed a sea snake
  1595 | D        | Killed a sea snake
  1596 | D        | Reached skill level 15 in Short Blades
  1596 | D        | Reached skill level 1 in Evocations
  1597 | D        | Noticed a sun demon
  1598 | D        | Killed a sun demon
  1612 | D        | Noticed an alligator snapping turtle
  1627 | D        | Slain by an alligator snapping turtle

Illustrated notes

Levels and vault maps discovered:
D:        pitsprint [storerooms_1, entrance_room_1, metal_vault_7, armoury_1,
          mini_pit_1, grid_room_1, main_hall_1, silver_pit, the_coven_3,
          the_vestibule_1, steel_vault_4, golden_pit, hallway_of_sentries,
          crystal_vault_3, iron_vault_4, final_vault]

Skill      XL: |  1  2  3  4  5  6  7  8  9 10 11 12 |
---------------+-------------------------------------+-----
Stealth        | 8 9 12 14 16 19 21 22 23 25 | 25.4
Short Blades   | 3 4 5 6 8 9 10 12 14 15 | 15.2
Fighting       | 3 4 5 6 7 9 11 12 | 12.3
Throwing       | 3 4 5 6 |  6.0
Dodging        | 3 5 6 7 9 12 | 12.8
Invocations    | 4 7 9 10 | 10.5
Long Blades    | 2 3 |  3.5
Armour         | 3 6 7 |  7.2
Evocations     | 3 |  3.2

Action                   |  1- 3 |  4- 6 |  7- 9 | 10-12 || total
-------------------------+-------+-------+-------+-------++-------
Melee: Dagger            |     9 |    41 |    14 |       ||    64
       Short sword       |       |       |    27 |    33 ||    60
       Long sword        |       |       |    10 |       ||    10
       Punch             |       |       |     1 |     2 ||     3
       Rapier            |       |       |       |    56 ||    56
Invok: Slouch            |       |       |     3 |    11 ||    14
  Use: Potion            |       |     1 |     5 |     7 ||    13
       Scroll            |       |       |     1 |       ||     1
 Stab: Sleeping          |     6 |     3 |     7 |    23 ||    39
       Invisible         |       |       |     6 |       ||     6
Armor: Robe              |       |    17 |     1 |       ||    18
       Ring mail         |       |       |     1 |    17 ||    18
Dodge: Dodged            |     2 |    52 |    48 |   128 ||   230

Table legend: (Time is in decaauts)
 A = Elapsed time spent in this place.
 B = Non-inter-level travel time spent in this place.
 C = Inter-level travel time spent in this place.
 D = Time resting spent in this place.
 E = Time spent auto-exploring this place.
 F = Levels seen in this place.
 G = Mean time per level.
                   A        B        C        D        E       F      G
               +--------+--------+--------+--------+--------+-----+--------+
         Total |   1997 |   1877 |    120 |    804 |      0 |   1 | 1997.0 |
       Dungeon |   1997 |   1877 |    120 |    804 |      0 |   1 | 1997.0 |
               +--------+--------+--------+--------+--------+-----+--------+

Top non-repeatable levels by time:
       D: 1997 daAuts
